 Dungeon Crawl Stone Soup version 0.30-a0-279-g4b46babb21 (webtiles) character file.

Game seed: 5721492731583721565

14572 gruber the Destroyer (level 11, -17/54 HPs)
             Began as a Deep Elf Conjurer on Oct 16, 2022.
             Was an Elder of Vehumet.
             Demolished by a death yak simulacrum (18 damage)
             ... on level 1 of the Lair of Beasts.
             The game lasted 00:22:29 (12652 turns).

gruber the Destroyer (Deep Elf Conjurer)           Turns: 12652, Time: 00:22:30

Health: -17/54     AC:  9    Str:  4    XL:     11   Next: 90%
Magic:  0/39       EV: 16    Int: 28    God:    Vehumet [****..]
Gold:   393        SH:  0    Dex: 15    Spells: 18/36 levels left

rFire   + . .      SeeInvis .    U - +8 Vampire's Tooth {vamp}
rCold   + . .      Faith    .    (no shield)
rNeg    + . .      Spirit   +    I - +2 robe {rC+ rF+}
rPois   .          Reflect  .    R - +2 hat
rElec   .          Harm     .    S - +0 cloak
rCorr   .          Rampage  .    r - +0 pair of gloves
Will    +++..                    p - +0 pair of boots
Stlth   +++.......               w - amulet of guardian spirit
HPRegen 0.29/turn                F - ring of willpower
MPRegen 0.26/turn                B - ring "Talivios" {rN+ Will+ MP+9 Dex+2 Stlth-}

@: no status effects
A: no striking features
a: Renounce Religion


You were on level 1 of the Lair of Beasts.
You worshipped Vehumet.
Vehumet was greatly pleased with you.
You visited 3 branches of the dungeon, and saw 14 of its levels.

You collected 640 gold pieces.
You spent 247 gold pieces at shops.

Inventory:

Hand Weapons
 z - the +7 flail "Hodaep" {vamp, Fly}
   (You took it off an orc on level 5 of the Dungeon)

   It occasionally heals its wielder for a portion of the damage dealt when it
   wounds a living foe.
   Fly:       It grants you flight.
 L - the +2 arbalest of Xom {vorpal, Int+4}
   (You bought it in a shop on level 8 of the Dungeon)

   Any ammunition fired from it inflicts extra damage upon your enemies.
   Int:       It affects your intelligence (+4).
 U - the +8 Vampire's Tooth (weapon) {vamp}
   (You found it on level 11 of the Dungeon)

   It occasionally heals its wielder for the full amount of damage dealt when it
   wounds a living foe.
Missiles
 s - 2 throwing nets
Armour
 p - a +0 pair of boots (worn)
 r - a +0 pair of gloves (worn)
 I - a +2 robe of resistance (worn)
 R - a +2 hat (worn)
 S - a +0 cloak (worn)
Jewellery
 k - a ring of flight
 v - a ring of positive energy
 w - an amulet of guardian spirit (around neck)
 B - the ring "Talivios" (right hand) {rN+ Will+ MP+9 Dex+2 Stlth-}
   (You found it on level 6 of the Dungeon)

   [ring of willpower]

   Dex:       It affects your dexterity (+2).
   rN:        It protects you from negative energy.
   MP:        It affects your magic capacity (+9).
   Will:      It increases your willpower.
   Stlth:     It makes you less stealthy.
 F - a ring of willpower (left hand)
 G - a ring of ice
 N - a ring of see invisible
 Q - a ring of resist corrosion
Wands
 h - a wand of flame (5)
 y - a wand of polymorph (15)
 D - a wand of iceblast (3)
Scrolls
 a - 2 scrolls of amnesia {unknown}
 c - 2 scrolls of blinking {unknown}
 d - a scroll of summoning {unknown}
 e - 2 scrolls of immolation {unknown}
 f - 6 scrolls of teleportation {unknown}
 g - 15 scrolls of identify {unknown}
 m - a scroll of noise {unknown}
 o - 4 scrolls of magic mapping {unknown}
 q - 3 scrolls of enchant armour {unknown}
 C - a scroll of silence {unknown}
 E - 3 scrolls of poison {unknown}
 K - a scroll of fog {unknown}
 O - 3 scrolls of fear {unknown}
Potions
 b - 2 potions of magic
 i - 3 potions of ambrosia {unknown}
 j - 2 potions of invisibility {unknown}
 l - 4 potions of curing {unknown}
 n - 7 potions of heal wounds {unknown}
 t - 5 potions of lignification {unknown}
 u - 4 potions of flight {unknown}
 A - a potion of might {unknown}
 H - a potion of cancellation {unknown}
 J - 3 potions of attraction {unknown}
 M - a potion of haste
 P - a potion of mutation {unknown}
 T - 2 potions of brilliance {unknown}


   Skills:
 * Level 4.8 Short Blades
 - Level 9.2 Dodging
 - Level 9.0 Stealth
 - Level 13.1 Spellcasting
 - Level 14.0 Conjurations
 - Level 3.0 Translocations


You had 18 spell levels left.
You knew the following spells:

 Your Spells              Type           Power      Damage    Failure   Level
a - Magic Dart            Conj           100%       1d8       0%          1
b - Searing Ray           Conj           100%       2d8       0%          2
c - Iskenderun's Mystic   Conj/Tloc      60%        2d13      1%          4
d - Frozen Ramparts       Ice            36%        1d6       2%          3
e - Stone Arrow           Conj/Erth      100%       3d13      1%          3
f - Irradiate             Conj/Tmut      27%        3d20      1%          5

Your spell library contained the following spells:

 Spells                   Type           Power      Damage    Failure   Level
 Freeze                   Ice            72%        1d8       1%          1
 Sandblast                Erth           36%        2d10      1%          1
 Dazzling Flash           Conj/Hex       100%       N/A       1%          3
 Hailstorm                Conj/Ice       55%        3d12      1%          3
 Kindle Blastsparks       Fire/Tloc/Air  46%        2d13      1%          3
 Fulminant Prism          Conj/Hex       27%        3d14      1%          4
 Sticky Flame             Conj/Fire      55%        2d7       1%          4
 Ignite Poison            Fire/Tmut/Pois 18%        N/A       2%          3
 Passwall                 Tmut/Erth      15%        N/A       4%          2
 Portal Projectile        Hex/Tloc       52%        N/A       4%          3
 Call Canine Familiar     Summ           18%        N/A       9%          3
 Lee's Rapid Deconstruct  Erth           9%         3d8*      21%         5
 Leda's Liquefaction      Hex/Erth       9%         N/A       28%         4
 Ignition                 Fire           9%         3d5       100%        8


Dungeon Overview and Level Annotations

Branches:
Dungeon (12/15)            Temple (1/1) D:4            Lair (1/5) D:8
    Orc (0/2) D:9

Altars:
Ashenzari
Cheibriados
Dithmenos
Elyvilon
Fedhas
Gozag
Hepliaklqana
Kikubaaqudgha
Makhleb
Nemelex Xobeh
Okawaru
Qazlal
Ru
Sif Muna
Trog
Uskayaw
Vehumet
Wu Jian
Xom
Yredelemnul
Zin
The Shining One

Shops:
D:4 *   D:7 [   D:8 ??(=*

Portals:
Ice
Cave: Lair:1

Annotations:
Lair:1 exclusion: oklob plant


Message History

Unknown command.
You hit the death yak simulacrum.
The death yak simulacrum is heavily damaged.
The death yak simulacrum closely misses you.
You hit the death yak simulacrum.
The death yak simulacrum is heavily damaged.
You completely miss the death yak simulacrum.
The death yak simulacrum is heavily damaged.
You hit the death yak simulacrum but do no damage.
The death yak simulacrum is heavily damaged.
You hit the death yak simulacrum.
The death yak simulacrum is heavily damaged.
The death yak simulacrum gores you! The death yak simulacrum freezes you!
You resist.
You hit the death yak simulacrum.
The death yak simulacrum is severely damaged.
You hit the death yak simulacrum but do no damage.
The death yak simulacrum is severely damaged.
The death yak simulacrum gores you! The death yak simulacrum freezes you!!
You resist.
Casting: Stone Arrow (safe; 1% risk of failure)
Confirm with . or Enter, or press ? or * to list all spells.
Aiming: Stone Arrow (safe; 1% risk of failure)
Press: ? - help, Shift-Dir - straight line, f/p - death yak simulacrum
Aim: a death yak simulacrum (severely damaged, 100% to hit)
The stone arrow hits the death yak simulacrum!
The death yak simulacrum is almost destroyed.
Unknown command.
Unknown command.
Casting: Stone Arrow (safe; 1% risk of failure)
Confirm with . or Enter, or press ? or * to list all spells.
Aiming: Stone Arrow (safe; 1% risk of failure)
Press: ? - help, Shift-Dir - straight line, f/p - death yak simulacrum
Aim: a death yak simulacrum (almost destroyed, 100% to hit)
The stone arrow hits the death yak simulacrum.
The death yak simulacrum is almost destroyed.
The death yak simulacrum gores you!
* * * LOW HITPOINT WARNING * * *
The death yak simulacrum freezes you!! You resist.
You die...

## #. ......# #P##.
#.#..∩...# .....
#.#.....## ..... .
#......... ..... ...
##......... .###.
.....#.......... .#
...^.....Z...... .#
..... #.@..# .# .....
#.#### .## ###....##..#
..## ...........##
...##.............# .#
.†..##............# .#
..†..P..$.........###.#
..†................#..#
......................#


You could see a death yak simulacrum.

Vanquished Creatures
  Pikel (D:5)
  2 cyclopes (D:11)
  2 ugly things (D:11)
  A black mamba (Lair:1)
  A gargoyle (D:12)
  Maggie (D:8)
  An unseen horror (D:11)
  3 kobold demonologists (D:11)
  2 komodo dragons (Lair:1)
  3 trolls
  2 tyrant leeches (D:11)
  2 vampires (D:11)
  2 wyverns
  A basilisk (Lair:1)
  A steam dragon (D:8)
  6 yaks
  4 vampire mosquitoes (D:11)
  Menkaure (D:5)
  A death yak simulacrum (Lair:1)
  7 water moccasins
  3 orc warriors
  4 black bears
  An ice beast (D:6)
  4 sky beasts
  5 wolves (Lair:1)
  3 centaurs
  2 lemures (D:5)
  4 phantoms
  2 kobold brigands
  8 bullfrogs
  2 necrophages
  3 gnoll sergeants
  4 scorpions
  24 wights
  A troll zombie (D:9)
  4 howler monkeys
  3 hounds
  3 jellies
  6 orc priests
  6 iguanas
  10 orc wizards
  A wolf simulacrum (Lair:1)
  7 ogre zombies (D:9)
  20 gnolls
  4 adders
  2 shadow imps
  5 worms
  2 dart slugs
  31 orcs
  7 endoplasms
  A giant cockroach (D:2)
  12 goblins
  6 hobgoblins
  7 jackals
  12 kobolds
  7 quokkas
  7 ball pythons
  5 bats
  7 frilled lizards
  4 goblin skeletons (D:9)
  A goblin zombie (D:9)
  3 hobgoblin zombies (D:9)
  4 orc skeletons (D:9)
  13 orc zombies (D:9)
  10 rats
324 creatures vanquished.

Vanquished Creatures (others)
  57 fungi
  46 plants
103 creatures vanquished.

Grand Total: 427 creatures vanquished

Notes
Turn   | Place    | Note
-------+----------+-------------------------------------------
     0 | D:1      | gruber the Deep Elf Conjurer began the quest for the Orb.
     0 | D:1      | Reached XP level 1. HP: 10/10 MP: 6/6
   204 | D:1      | Reached XP level 2. HP: 15/15 MP: 2/8
   275 | D:1      | Reached skill level 5 in Conjurations
   734 | D:1      | Reached XP level 3. HP: 19/19 MP: 5/9
   951 | D:1      | Learned a level 2 spell: Searing Ray
  1516 | D:2      | Reached skill level 6 in Conjurations
  1721 | D:2      | Found a shimmering altar of Xom.
  1757 | D:2      | Reached XP level 4. HP: 15/24 MP: 3/10
  1763 | D:2      | Learned a level 4 spell: Iskenderun's Mystic Blast
  3215 | D:3      | Reached skill level 7 in Conjurations
  3215 | D:3      | Reached XP level 5. HP: 28/28 MP: 6/11
  3707 | D:4      | Learned a level 3 spell: Frozen Ramparts
  3883 | D:4      | Found a staircase to the Ecumenical Temple.
  3893 | Temple   | Entered the Ecumenical Temple
  3893 | Temple   | Found a transporter.
  3893 | Temple   | Found a transporter.
  3895 | Temple   | Found a transporter.
  3895 | Temple   | Found a transporter.
  3920 | Temple   | Became a worshipper of Vehumet
  3980 | D:4      | Found Hiq Simp's Neck Hole.
  4215 | D:4      | Found a hazy altar of Hepliaklqana.
  4346 | D:5      | Entered Level 5 of the Dungeon
  4352 | D:5      | Reached skill level 8 in Conjurations
  4352 | D:5      | Reached XP level 6. HP: 32/32 MP: 6/12
  4549 | D:5      | Reached skill level 9 in Conjurations
  4644 | D:5      | Reached XP level 7. HP: 36/36 MP: 4/15
  4800 | D:5      | Reached skill level 5 in Spellcasting
  4912 | D:5      | Noticed Pikel
  4920 | D:5      | Killed Pikel
  4921 | D:5      | Reached XP level 8. HP: 41/41 MP: 6/22
  5225 | D:5      | Identified the +7 flail "Hodaep" {vamp, Fly}
  5239 | D:5      | Noticed Menkaure
  5280 | D:5      | Reached * piety under Vehumet
  5280 | D:5      | Offered knowledge of Kiss of Death by Vehumet.
  5392 | D:5      | Killed Menkaure
  5393 | D:5      | Reached skill level 10 in Spellcasting
  5397 | D:5      | Learned a level 3 spell: Stone Arrow
  5808 | D:6      | Reached XP level 9. HP: 40/45 MP: 11/27
  6102 | D:6      | Identified the ring "Talivios" {rN+ Will+ MP+9 Dex+2
                  | Stlth-}
  6139 | D:6      | Reached skill level 10 in Conjurations
  6391 | D:6      | Reached skill level 11 in Conjurations
  6718 | D:6      | Found a sacrificial altar of Ru.
  6852 | D:7      | Reached skill level 1 in Translocations
  7026 | D:7      | Offered knowledge of Static Discharge by Vehumet.
  7032 | D:7      | Reached ** piety under Vehumet
  7259 | D:7      | Reached skill level 5 in Stealth
  7767 | D:7      | Found Yzxu's Antique Armour Shoppe.
  7905 | D:8      | Reached XP level 10. HP: 50/50 MP: 28/28
  8002 | D:8      | Found Suafumog's Magic Scroll Boutique.
  8103 | D:8      | Reached skill level 5 in Dodging
  8232 | D:8      | Noticed Maggie
  8247 | D:8      | Killed Maggie
  8353 | D:8      | Found a staircase to the Lair.
  8388 | D:8      | Found Xausouwe's Antique Weapon Shop.
  8556 | D:8      | Found Degreix's Jewellery Boutique.
  8595 | D:8      | Found Ireol's Assorted Antiques.
  8603 | D:8      | Bought a blackened arbalest for 247 gold pieces
  8603 | D:8      | Identified the +2 arbalest of Xom {vorpal, Int+4} (You
                  | bought it in a shop on level 8 of the Dungeon)
  8671 | D:8      | Found Tudghoti's Magic Scroll Boutique.
  8947 | D:9      | Offered knowledge of Mephitic Cloud by Vehumet.
  9039 | D:9      | Reached *** piety under Vehumet
  9100 | D:9      | Found a staircase to the Orcish Mines.
  9196 | D:9      | Offered knowledge of Olgreb's Toxic Radiance by Vehumet.
  9745 | D:9      | Reached XP level 11. HP: 54/54 MP: 29/29
  9961 | D:10     | Entered Level 10 of the Dungeon
 10042 | D:10     | Reached **** piety under Vehumet
 10264 | D:10     | Found a glowing golden altar of the Shining One.
 10264 | D:10     | Found a shimmering blue altar of Sif Muna.
 10914 | D:11     | Noticed a brown ugly thing
 10922 | D:11     | Killed a brown ugly thing
 11100 | D:11     | Reached skill level 12 in Conjurations
 11239 | D:11     | Offered knowledge of Irradiate by Vehumet.
 11246 | D:11     | Learned a level 5 spell: Irradiate
 11267 | D:11     | Noticed a white ugly thing
 11275 | D:11     | Killed a white ugly thing
 11396 | D:11     | Reached skill level 13 in Conjurations
 12012 | D:11     | Found the +8 Vampire's Tooth {vamp}
 12119 | D:12     | Reached skill level 14 in Conjurations
 12307 | Lair:1   | Entered Level 1 of the Lair of Beasts
 12310 | Lair:1   | Reached skill level 1 in Short Blades
 12330 | Lair:1   | Noticed an oklob plant
 12635 | Lair:1   | Found a frozen archway.
 12652 | Lair:1   | HP: 1/54 [death yak simulacrum (16)]
 12652 | Lair:1   | Demolished by a death yak simulacrum

Illustrated notes

Levels and vault maps discovered:
D:1:      dpeg_arrival_boxorama, layout_loops_ring
D:2:      layout_loops_corners, basic_altar, kennysheep_generic_room_6
D:3:      layout_basic
D:4:      cheibrodos_old_hovel, layout_rooms, nicolae_hepliaklqana_hippocampus,
          minmay_temple_entry_antechambers, minmay_misc_feat_encased,
          nicolae_shop_sticking_my_neck_out
D:5:      layout_rooms, uniq_pikel, uniq_menkaure
D:6:      layout_cave_pools, serial_park, serial_park_tiny_pond,
          serial_park_square3 [serial_park_minivault_5x5_6], serial_park_tiny_2,
          serial_park_square2
D:7:      layout_gridville, serial_shops, shop
D:8:      layout_loops_ring, due_lair_maze_entry_diamond, serial_shops, shop,
          kennysheep_little_box, nicolae_shop_overgrown_old_shop,
          nicolae_lakefront_shop, shop, uniq_maggie
D:9:      layout_loops_cross, zombieorc2_lemuel
D:10:     layout_stronghold, gammafunk_temple_overflow_wave,
          minmay_misc_feat_pillars
D:11:     layout_loops_ring, hangedman_abyss_or_decor_lesser_grid,
          minmay_guarded_unrand_vampires_tooth
D:12:     layout_roguey, kennysheep_decorative_pillar, lemuel_flamethrower_2
Temple:   hellmonk_temple_divided_pantheon
Lair:1:   layout_gridlike, portal_ice_cave_entry_ice_simulacra,
          minmay_lair_oklob_bushes, beast_lair_carwin_2

Skill      XL: |  1  2  3  4  5  6  7  8  9 10 11 |
---------------+----------------------------------+-----
Conjurations   | 5 6 7 8 9 11 14 | 14.0
Spellcasting   | 4 8 12 13 | 13.1
Translocations | 3 |  3.0
Stealth        | 7 9 |  9.0
Dodging        | 9 |  9.2
Short Blades   | 4 |  4.8

Action                   |  1- 3 |  4- 6 |  7- 9 | 10-12 || total
-------------------------+-------+-------+-------+-------++-------
Melee: Dagger            |    11 |     1 |     4 |       ||    16
       Unarmed           |       |       |     1 |       ||     1
       Flail             |       |       |    15 |    17 ||    32
       Quick blade       |       |       |       |    25 ||    25
 Fire: Arbalest          |       |       |       |    71 ||    71
 Cast: Magic Dart        |   104 |    88 |    40 |    14 ||   246
       Searing Ray       |       |    11 |    23 |    36 ||    70
       Stone Arrow       |       |       |    58 |    98 ||   156
       Iskenderun's Myst |       |       |     9 |    14 ||    23
       Frozen Ramparts   |       |       |     3 |    11 ||    14
       Irradiate         |       |       |       |     1 ||     1
Armor: Robe              |     3 |     2 |    15 |    32 ||    52
Dodge: Dodged            |    11 |     3 |    38 |    94 ||   146

Table legend: (Time is in decaauts)
 A = Elapsed time spent in this place.
 B = Non-inter-level travel time spent in this place.
 C = Inter-level travel time spent in this place.
 D = Time resting spent in this place.
 E = Time spent auto-exploring this place.
 F = Levels seen in this place.
 G = Mean time per level.
                   A        B        C        D        E       F      G
               +--------+--------+--------+--------+--------+-----+--------+
         Total |  12716 |  12234 |    482 |    210 |  10333 |  14 |  908.3 |
       Dungeon |  12337 |  11855 |    482 |    210 |  10117 |  12 | 1028.1 |
        Temple |     45 |     45 |      0 |      0 |      0 |   1 |   45.0 |
          Lair |    333 |    333 |      0 |      0 |    216 |   1 |  333.0 |
               +--------+--------+--------+--------+--------+-----+--------+

Top non-repeatable levels by time:
     D:5: 1444 daAuts
     D:2: 1422 daAuts
     D:1: 1351 daAuts
    D:11: 1333 daAuts
     D:9: 1118 daAuts
     D:7: 1104 daAuts
     D:8: 1036 daAuts
     D:6: 945 daAuts
     D:3: 871 daAuts
    D:10: 852 daAuts
     D:4: 717 daAuts
  Lair:1: 333 daAuts
    D:12: 140 daAuts
  Temple: 45 daAuts
